 Dungeon Crawl Stone Soup version 0.31-a0-988-g08d55dae12 (webtiles) character file.

Game seed: 3816194075769935046

91 Flugkiller the Insei (level 4, -2/29 HPs)
             Began as an Octopode Shapeshifter on Nov 5, 2023.
             Constricted to death by Ijyb (8 damage)
             ... on level 3 of the Dungeon.
             The game lasted 00:01:39 (1520 turns).

Flugkiller the Insei (Octopode Shapeshifter)        Turns: 1520, Time: 00:01:40

Health: -2/29      AC:  1    Str: 15    XL:     4   Next: 57%
Magic:  4/4        EV: 10    Int: 12    God:
Gold:   78         SH:  5    Dex: 10    Spells: 3/3 levels left

rFire   + . .        f - +7 mace of Temperance {freeze, rF+ rN+ Str+2 Dex-3}
rCold   . . .        (no shield)
rNeg    + . .        (helmet currently unavailable)
rPois   .            g - amulet of reflection
rElec   .            (no ring)
rCorr   .            (no ring)
SInv    .            (no ring)
Will    .....        (no ring)
Stlth   ++           (no ring)
HPRegen 0.24/turn    (no ring)
MPRegen 0.09/turn    (no ring)
                     (no ring)

%: reflection
@: beast-form, grasped by roots, constricted
A: beast (slay +2), almost no armour, amphibious, 8 rings, camouflage 1,
gelatinous body 1, (nimble swimmer 1), tentacles
a: Begin Untransformation


You were on level 3 of the Dungeon.
You were a hulking beast.
You visited 1 branch of the dungeon, and saw 3 of its levels.

You collected 78 gold pieces.

Inventory:

Hand Weapons
 f - the +7 mace of Temperance (weapon) {freeze, rF+ rN+ Str+2 Dex-3}
   (You found it on level 2 of the Dungeon)

   Str+2:     It affects your strength (+2).
   Dex-3:     It affects your dexterity (-3).
   rF+:       It protects you from fire.
   rN+:       It protects you from negative energy.
Missiles
 k - 6 curare-tipped darts
Jewellery
 g - an amulet of reflection (around mantle)
   (You found it on level 1 of the Dungeon)
Talismans
 b - a beast talisman
 c - a flux talisman
Scrolls
 i - a scroll of fear
Potions
 a - a potion of brilliance
 d - a potion of heal wounds {unknown}
 e - a potion of lignification
 h - a potion of magic
 j - a potion of curing {unknown}


   Skills:
 + Level 1.8 Fighting
 - Level 2.0 Dodging
 - Level 4.0 Unarmed Combat
 - Level 4.0 Shapeshifting


You had 3 spell levels left.
You didn't know any spells.
Your spell library contained the following spells:

 Spells                   Type           Power      Damage    Failure   Level
 Apportation              Tloc           0%         N/A       32%         1
 Necrotise                Necr           0%         1d4       32%         1
 Summon Small Mammal      Summ           0%         N/A       32%         1


Dungeon Overview and Level Annotations

Branches:
Dungeon (3/15) Zot: 16474

Altars:

Annotations:
D:3 Ijyb


Innate Abilities, Weirdness & Mutations

You are a hulking beast.
Your limbs bulge with bestial killing power. (Slay +2)
You cannot wear most types of armour.
You are amphibious.
You can wear up to eight rings at the same time.
Your skin changes colour to match your surroundings (Stealth+).
Your rubbery body absorbs attacks. (AC +1, EV +1)
((You are camouflaged when in or above water. (Stealth+)))
You have tentacles for arms and can constrict up to eight enemies at once.


Message History

There are monsters nearby!
The helpless endoplasm fails to defend itself.
You sock the endoplasm! You freeze the endoplasm.
You kill the endoplasm!
Ijyb the Twisted Goblin comes into view.
She is wielding a +0 club and carrying a wand of roots.
There is a stone staircase leading up here.
A worm comes into view.
Found a dagger.
The worm barely misses you.
You hit the worm. You freeze the worm. You grab the worm.
The worm is moderately wounded.
You constrict the worm. You sock the worm! You freeze the worm.
You kill the worm!
Training target 4.0 for Shapeshifting reached!
Your Shapeshifting skill increases to level 4!
You see here a worm corpse.
Found a robe.
Found a stone staircase leading up.
There is a stone staircase leading up here.
A hobgoblin comes into view.
The hobgoblin shouts!
A ball python comes into view.
The ball python hisses angrily.
The hobgoblin misses you.
You sock the hobgoblin! You freeze the hobgoblin.
You kill the hobgoblin!
You barely miss the ball python. Your grab misses the ball python.
Your squeeze misses the ball python. You block the ball python's attack.
The ball python grabs you. The ball python constricts you.
The ball python completely misses you. The ball python constricts you.
You barely miss the ball python. You grab the ball python.
You tentacle-slap the ball python.
You kill the ball python!
No target in view!
No target in view!
No target in view!
No target in view!
No target in view!
HP restored.
Found an escape hatch in the ceiling.
An adder comes into view.
An adder is nearby!
Found a stone staircase leading down.
No target in view!
No target in view!
No target in view!
No target in view!
No target in view!
No target in view!
No target in view!
No target in view!
No target in view!
Unknown command.
Found a leather armour.
You sock the adder! You freeze the adder.
You kill the adder!
No target in view!
No target in view!
No target in view!
No target in view!
No target in view!
You see here an adder corpse.
An endoplasm comes into view.
The helpless endoplasm fails to defend itself.
You hit the endoplasm. You freeze the endoplasm.
The endoplasm is heavily wounded.
The endoplasm hits you. The endoplasm freezes you.
You are frozen.
You sock the endoplasm! You freeze the endoplasm.
You kill the endoplasm!
No target in view!
No target in view!
Ijyb shouts!
There are monsters nearby!
Unknown command.
You start resting.
Ijyb is nearby!
You hit Ijyb. You freeze Ijyb. Your grab misses Ijyb. Your squeeze misses Ijyb.
Ijyb is lightly wounded.
Ijyb misses you.
You closely miss Ijyb. You grab Ijyb. You squeeze Ijyb.
Ijyb is lightly wounded.
You constrict Ijyb, but do no damage.
Ijyb zaps a wand.
The roots erupt in riotous growth!
The grasping roots grab you!
Ijyb is unaffected.
The grasping roots constrict you. Ijyb completely misses you.
The grasping roots constrict you.
You are too injured to fight recklessly!
You hit Ijyb. You freeze Ijyb.
Ijyb is heavily wounded.
You constrict Ijyb, but do no damage. Ijyb hits you with a +0 club.
The grasping roots constrict you.
You hit Ijyb. You freeze Ijyb. You squeeze Ijyb, but do no damage.
Ijyb is severely wounded.
You constrict Ijyb. Ijyb hits you with a +0 club.
* * * LOW HITPOINT WARNING * * *
The grasping roots constrict you!
You die...

#################### #..
................ ### #.#
#.......####### ##.## #.#
#............## ##...##
###.####.....#.####...
##.....#####.....[>....†.....#<.#
#....b..b......##......##.##.#..#
#.....# #.##.#..###........#
##.<.## #.gh............#..#
##.### ####....#.####..#..# #...#
#....### #...... ###.# ......#
#...... #.# .##..#.# #..... #.# #
#..#... ..... #.# #..##### ####
#.# #.#.##.[# #.# #.#.##..#


You could see Ijyb.

Vanquished Creatures
  A gnoll (D:1)
  2 adders
  A worm (D:3)
  2 bats
  4 endoplasms
  5 giant cockroaches
  2 goblins (D:1)
  3 hobgoblins
  14 jackals
  5 kobolds (D:1)
  3 quokkas (D:1)
  4 ball pythons
  5 frilled lizards
  3 rats
54 creatures vanquished.

Notes
Turn   | Place    | Note
-------+----------+-------------------------------------------
     0 | D:1      | Flugkiller the Octopode Shapeshifter began the quest for
                  | the Orb.
     0 | D:1      | Reached XP level 1. HP: 13/13 MP: 1/1
    56 | D:1      | Reached XP level 2. HP: 17/18 MP: 2/2
   260 | D:1      | Reached XP level 3. HP: 15/23 MP: 3/3
   960 | D:2      | Reached XP level 4. HP: 28/28 MP: 4/4
   961 | D:2      | Identified the +7 mace of Temperance {freeze, rF+ rN+ Str+2
                  | Dex-3}
  1389 | D:3      | Noticed Ijyb
  1520 | D:3      | Constricted to death by Ijyb

Illustrated notes

Levels and vault maps discovered:
D:1:      nagdon_arrival_zigzag_paths, layout_basic
D:2:      layout_rooms, minmay_crystal_water
D:3:      minmay_wonky_spiral, layout_loops_ring, xom_redecorated, uniq_ijyb

Skill      XL: |  1  2  3  4 |
---------------+-------------+-----
Unarmed Combat | 4 |  4.0
Shapeshifting  | 4 |  4.0
Fighting       | |  1.8
Dodging        | |  2.0

Action                     |  1- 3 |  4- 6 || total
---------------------------+-------+-------++-------
  Melee: Unarmed           |    80 |     2 ||    82
         Constrict         |    21 |     5 ||    26
         Tentacles         |    10 |     3 ||    13
         Mace              |       |    26 ||    26
         Punch             |       |     1 ||     1
    Use: Potion            |     1 |       ||     1
         Scroll            |     4 |       ||     4
   Stab: Sleeping          |     3 |     5 ||     8
 Armour: Skin              |    43 |     9 ||    52
  Dodge: Dodged            |    72 |    17 ||    89
  Block: Other             |     6 |     6 ||    12

Table legend: (Time is in decaauts)
 A = Elapsed time spent in this place.
 B = Non-inter-level travel time spent in this place.
 C = Inter-level travel time spent in this place.
 D = Time resting spent in this place.
 E = Time spent auto-exploring this place.
 F = Levels seen in this place.
 G = Mean time per level.
                   A        B        C        D        E       F      G
               +--------+--------+--------+--------+--------+-----+--------+
         Total |   1524 |   1449 |     75 |    146 |    974 |   3 |  508.0 |
       Dungeon |   1524 |   1449 |     75 |    146 |    974 |   3 |  508.0 |
               +--------+--------+--------+--------+--------+-----+--------+

Top non-repeatable levels by time:
     D:1: 891 daAuts
     D:2: 495 daAuts
     D:3: 137 daAuts
